bnobr, neutral male gnomish Archeologist -- ---- --. -- |..-- ---...---. |...-------- |......... --....|.|..| -.......... ----.........-- .........- --.|...........| ....... |.............-- -.....---........-...-- |.p.h...|.............| |....................-- |.G.......--.........| -......@-----........| .G...')......r.|----........| ................ ---...------.|...<---.-- -................. -- --- |.....--- -- |..>.......... --....| |....... |....-- --- -- --.--- -- bnobr the Field Worker Experience level: 3 Strength: 14 Dexterity: 11 Constitution: 12 Intelligence: 13 Wisdom: 14 Charisma: 11 Health: 0(21) Energy: 15(15) Def: 5 Gold: 40 Moves: 643 Dungeon seed: j8rcqFNfZGJXU30j Game ID: bnobr_1589152170 Your Inventory: Coins $ - 40 gold pieces Weapons a - an uncursed +3 bullwhip (weapon in hand) Armor e - an uncursed +0 leather jacket n - a blessed +0 fedora (being worn) y - a blessed +0 pair of water walking boots z - an uncursed +0 elven mithril-coat (being worn) Comestibles b - 3 uncursed food rations i - 2 uncursed tins of female jackal meat p - an uncursed tin of male fox meat Tools c - an uncursed oil lamp (0:1004) f - an uncursed tinning kit (0:58) g - an uncursed sack h - an uncursed tin whistle k - an uncursed lock pick l - an uncursed oil lamp (0:1288) s - an uncursed lock pick t - an uncursed bell Gems q - an uncursed touchstone r - an uncursed garnet stone N - an uncursed worthless piece of blue glass Contents of the sack: an uncursed +0 pick-axe Spells and supernatural/magical abilities: Name Level Category Cost Memory W - pray for help -- divine ? -- Your skills at the end: Fighting Skills wands [Basic] Weapon Skills pick-axe [Basic] whip [Basic] Spellcasting Skills Final Attributes: You were fervently aligned. You were shock resistant. You had infravision. You were stealthy. You were fast. Camaxtli was noncommittal. You are dead. Vanquished creatures: a shrieker a little dog a hobbit 2 geckos 9 jackals a fox a grid bug a lichen 4 newts 21 creatures vanquished. Voluntary challenges: You went without food. You were an atheist. You used a wielded weapon 28 times, starting on turn 26. You read items or engraved 1 time, starting on turn 383. You never genocided any monsters. You never polymorphed an object. You never changed form. You used no wishes. You never split a pudding. You never wrote Elbereth's name. You never violated your personal moral code. Dungeon overview: The Dungeons of Doom: levels 1 to 2 Level 1 a fountain a long staircase Level 2 a general store, a fountain stairs to The Gnomish Mines The Gnomish Mines: levels 3 to 5 Level 3 stairs to The Dungeons of Doom Level 4 Level 5 <- You were here History has recorded: On T:1 you entered the Dungeons of Doom to retrieve the Amulet of Yendor! On T:229 you reached level 2 of The Dungeons of Doom. On T:413 you reached level 1 of The Gnomish Mines. On T:444 you advanced to experience level 2. On T:502 you reached level 2 of The Gnomish Mines. On T:562 you advanced to experience level 3. On T:613 you reached level 3 of The Gnomish Mines. Score breakdown: Gold: 40 ( 5486 points) Experience: 3 levels ( 7878 points) Exploration: 5 levels ( 10.20%) ( 8660 points) Discoveries: 6 items ( 1.99%) ( 4228 points) Valuables value: (no points given unless you survive) Artifact value: 0 ( 0 points) Variety of kills: 9 monsters ( 2.37%) ( 4616 points) Turncount: 643 turns ( 0 points) Survival: died (score multiplied by 80%) Total score: 24694 Latest messages: You see here a pair of riding boots. y - a pair of riding boots. You produce a high whistling sound. You see here a dart. A little dart shoots out at you! You are hit by a little dart. You displace the gnome. You see here a blue gem. N - a blue gem. A bear trap closes on your foot! The rabid rat is almost hit by an arrow! You are caught in a bear trap. The hobbit picks up a scroll from the floor. The rabid rat bites! The rabid rat's bite was poisoned! You are caught in a bear trap. The rabid rat bites! You are caught in a bear trap. The rabid rat bites! You die... Final status: Goodbye bnobr the Archeologist, killed by a rabid rat... You died in The Gnomish Mines on dungeon level 5 with 24694 points, and 40 pieces of gold, after 643 moves. You were level 3 with a maximum of 21 hit points when you died.